 Dungeon Crawl Stone Soup version 0.17-a0-2208-ge5ab1d3 (webtiles) character file.

45 Duffy the Sneak (level 3, 0/22 HPs)
             Began as a Tengu Assassin on Oct 26, 2015.
             Slain by Ijyb (3 damage)
             ... on level 2 of the Dungeon.
             The game lasted 00:01:40 (1372 turns).

Duffy the Sneak (Tengu Assassin)                    Turns: 1372, Time: 00:01:41

Health: 0/22       AC:  4    Str: 12    XL:     3   Next: 64%
Magic:  4/4        EV: 12    Int: 11    God:
Gold:   109        SH:  0    Dex: 15    Spells: 0 memorised, 2 levels left

rFire  . . .     SeeInvis .     j - +0 dagger (speed)
rCold  . . .     Clarity  .     c - +0 robe
rNeg   . . .     SustAt   .     (no shield)
rPois  .         Gourm    .     (helmet restricted)
rElec  .         Spirit   .     d - +0 cloak
rCorr  .         Warding  .     h - +0 pair of gloves
rMut   .         Stasis   .     (boots unavailable)
MR     .....                    (no amulet)
Stlth  +++.......               (no ring)
                                (no ring)

@: not resistant to hostile enchantments, fairly stealthy
A: beak, talons 3
a: no special abilities


You were on level 2 of the Dungeon.
You were not hungry.

You visited 1 branch of the dungeon, and saw 2 of its levels.

You collected 109 gold pieces.


Innate Abilities, Weirdness & Mutations

You have a beak for a mouth.
You have claws for feet.


   Skills:
 + Level 2.4 Fighting
 - Level 4.0 Short Blades
 - Level 2.0 Throwing
 - Level 1.1 Dodging
 - Level 4.0 Stealth


You had 2 spell levels left.
You didn't know any spells.

Inventory:

Hand Weapons
 a - a +2 dagger
 b - a +0 blowgun
 j - a +0 dagger of speed (weapon)
Missiles
 e - 8 poisoned needles
 f - 2 curare-tipped needles
 o - 33 stones (quivered)
Armour
 c - a +0 robe (worn)
 d - a +0 cloak (worn)
 h - a +0 pair of gloves (worn)
Scrolls
 l - a scroll of fear {unknown}
 m - a scroll of recharging {unknown}
 n - a scroll of remove curse {unknown}
 t - 2 scrolls of magic mapping {unknown}
 u - a scroll of fog {unknown}
Potions
 i - 2 potions of curing {unknown}
 q - a potion of cancellation {unknown}
 r - a potion of ambrosia {unknown}
Comestibles
 g - 2 bread rations
 k - a royal jelly
 p - a meat ration
 s - 3 chunks of flesh

Dungeon Overview and Level Annotations

Branches:
Dungeon (2/15)

Altars:

Annotations:
D:2 Ijyb


Message History

You hit Ijyb but do no damage. You claw Ijyb, but do no damage.
Ijyb is moderately wounded.
Ijyb misses you.
You hit Ijyb.
Ijyb is heavily wounded.
You barely miss Ijyb. Your kick misses Ijyb.
Ijyb is heavily wounded.
Ijyb hits you.
You hit Ijyb but do no damage. You claw Ijyb, but do no damage.
Ijyb is heavily wounded.
You completely miss Ijyb. You claw Ijyb, but do no damage.
Ijyb is heavily wounded.
Ijyb barely misses you.
You hit Ijyb but do no damage. Your peck misses Ijyb.
Ijyb is heavily wounded.
You closely miss Ijyb. You claw Ijyb, but do no damage.
Ijyb is heavily wounded.
Ijyb closely misses you.
You hit Ijyb but do no damage. Your kick misses Ijyb. Your peck misses Ijyb.
Ijyb is heavily wounded.
You hit Ijyb but do no damage. Your peck misses Ijyb.
Ijyb is heavily wounded.
Ijyb hits you but does no damage.
You hit Ijyb but do no damage. You claw Ijyb.
Ijyb is heavily wounded.
You closely miss Ijyb. Your kick misses Ijyb. You peck Ijyb.
Ijyb is heavily wounded.
Ijyb screams, "Me stronger than you!" Ijyb hits you.
You hit Ijyb but do no damage. Your kick misses Ijyb.
Ijyb is heavily wounded.
You hit Ijyb but do no damage. You peck Ijyb.
Ijyb is severely wounded.
Ijyb hits you.
You die...

.#.######.#. .#
.......##.#.##########.##
........#.#.#...(...#...#
).)..#.#..#......## #.#.#
.....#.##.#...##.##.#...######
.........>#..g##..............
##...#.##.#...#####.##.#######
#.#.#.#.##...#####.##.#####
#.#....###...gg@...##.....#
#.#.........#############.#
#.###.#####.# #.#
#...........# #.#
########.#### #.# #<#
##############.# ########.#
#..............# .........#
#.############## ########.#
#.#


You could see Ijyb and a hobgoblin.

Action                   || total
-------------------------++-------
Melee: Dagger            ||   142
 Stab: Sleeping          ||    14
  Eat: Chunk             ||     1

Notes
Turn   | Place    | Note
--------------------------------------------------------------
     0 | D:1      | Duffy the Tengu Assassin began the quest for the Orb.
     0 | D:1      | Reached XP level 1. HP: 12/12 MP: 2/2
   300 | D:1      | Reached XP level 2. HP: 17/17 MP: 3/3
   361 | D:1      | Reached skill level 3 in Short Blades
   608 | D:1      | Reached XP level 3. HP: 21/21 MP: 4/4
   796 | D:1      | Reached skill level 4 in Short Blades
  1328 | D:2      | Noticed Ijyb
  1372 | D:2      | Slain by Ijyb

Vault maps used:
D:1:      matt_arrival_los_fun, minmay_rat_gold_closets
D:2:      ecumenical_altar_1, uniq_iyjb

Vanquished Creatures
  An ooze
  A worm
  A giant cockroach
  7 goblins
  6 hobgoblins
  5 bats
  A giant newt
  5 kobolds
  12 rats
39 creatures vanquished.
